Map: Ulrena

Players

jolow

  • Race: Zerg Zerg
  • League: Gold

capac - Winner!

  • Race: Terran Terran
  • League: Gold

VOD

Have the link to the VOD?

Description

Time

  • Played on: April 17, 2016, 12:42 p.m.
  • Length: 16:14
Show
View Real Time Build Order
Export as new Build Order

jolow Zerg 

Build Orders: Hatch First 

Get SALT Encoding   

  12  0:02  Drone  
  13  0:16  Overlord  
  13  0:19  Drone  
  14  0:35  Drone x2  
  16  0:45  Drone  
  17  0:56  Hatchery  
  16  1:01  Drone  
  17  1:11  Spawning Pool  
  16  1:18  Extractor  
  16  1:19  Drone  
  16  1:31  Overlord, Drone  
  17  1:34  Drone  
  18  1:58  Zergling x4  
  18  1:59  Queen  
  22  2:12  Zergling x4  
  24  2:16  Queen  
  26  2:24  Zergling x4  
  28  2:53  Metabolic Boost  
  28  2:57  Extractor, Drone x2  
  28  2:58  Drone x2  
  31  3:15  Drone x4  
  31  3:16  Drone  
  33  3:50  Lair  
  33  3:57  Baneling Nest  
  33  3:59  Spore Crawler  
  33  4:00  Spore Crawler  
  27  4:17  Roach Warren  
  27  4:20  Drone x4  
  27  4:21  Drone x6  
  36  4:26  Overlord x2  
  36  4:27  Overlord  
  36  4:35  Evolution Chamber  
  35  4:40  Evolution Chamber  
  35  4:43  Extractor  
  33  4:57  Roach x2  
  33  4:58  Roach x4  
  33  4:59  Hydralisk Den  
  44  5:01  Overseer  
  44  5:05  Drone x2  
  46  5:10  Zerg Missile Weapons Level 1  
  46  5:13  Glial Reconstitution  
  46  5:28  Drone x5  
  51  5:49  Roach x4  
  59  5:52  Overlord, Zerg Ground Armor Level 1  
  59  5:55  Overlord  
  59  6:14  Lurker Den  
  59  6:39  Hatchery, Roach  
  60  6:40  Roach x8  
  60  6:43  Overlord  
  76  7:01  Overseer  
  76  7:19  Zerg Missile Weapons Level 2  
  76  7:20  Roach  
  76  7:21  Roach x3  
  84  7:23  Overlord  
  84  7:24  Overlord x2  
  84  7:39  Overlord x3  
  84  7:43  Muscular Augments  
  84  7:57  Queen  
  86  8:04  Zergling x8  
  90  8:07  Drone x5  
  95  8:14  Ravager x3  
  95  8:15  Ravager  
  99  8:35  Hydralisk x4  
  99  8:38  Zergling x2  
  99  8:39  Zergling x8  
  110  9:13  Hydralisk x3  
  110  9:14  Hydralisk x3  
  122  9:26  Lurker  
  123  9:43  Drone  
  123  9:44  Drone x5  
  123  9:45  Extractor  
  122  10:06  Hydralisk  
  122  10:07  Roach x3  
  122  10:08  Roach x3  
  122  10:09  Overlord x4  
  122  10:10  Overlord  
  122  10:13  Zerg Melee Weapons Level 1  
  132  11:04  Zerg Ground Armor Level 2  
  132  11:07  Burrow  
  132  11:08  Tunneling Claws  
  132  11:21  Roach x3  
  132  11:22  Roach x4  
  121  12:12  Hatchery  
  108  12:17  Roach  
  108  12:18  Roach x19  
  120  12:36  Extractor  
  119  12:39  Extractor  
  118  12:44  Hydralisk  
  118  12:45  Hydralisk x5  
  131  12:58  Zergling x2  
  131  12:59  Zergling x10  
  101  13:21  Roach  
  101  13:22  Roach x11  
  101  13:26  Queen  
  96  14:07  Roach  
  96  14:08  Roach x20  
  135  14:22  Roach x2  
  51  14:55  Roach  
  51  14:56  Roach x16  
  68  15:34  Hydralisk  
  68  15:35  Hydralisk x12  
Show
View Real Time Build Order
Export as new Build Order

capac Terran - Winner!

Build Orders: Reaper Expand 

Get SALT Encoding   

  12  0:01  SCV  
  13  0:13  SCV  
  14  0:23  Supply Depot  
  14  0:25  SCV  
  15  0:40  Refinery  
  15  0:45  SCV  
  15  0:46  Barracks  
  16  0:57  SCV  
  17  1:09  SCV  
  18  1:21  SCV  
  19  1:34  Reaper  
  19  1:35  Orbital Command  
  20  1:55  Command Center  
  20  2:02  SCV  
  20  2:04  Supply Depot  
  21  2:08  Factory  
  21  2:16  SCV  
  21  2:19  Refinery  
  22  2:28  Barracks Reactor  
  22  2:54  Bunker, SCV  
  22  2:55  Factory Tech Lab  
  22  2:57  Barracks  
  22  3:12  Marine x2  
  21  3:19  Siege Tank  
  24  3:33  Marine x2  
  26  3:44  SCV  
  27  3:51  Marine  
  28  3:56  SCV  
  27  4:11  Orbital Command  
  27  4:12  Bunker  
  27  4:14  Marine  
  28  4:21  SCV  
  29  4:31  Supply Depot  
  29  4:33  SCV  
  30  4:45  SCV  
  30  4:52  SCV  
  32  4:53  Marine  
  32  4:54  Marine x2  
  32  4:58  SCV  
  36  5:01  Siege Tank  
  36  5:04  SCV  
  40  5:10  SCV  
  40  5:11  Starport  
  41  5:17  Marine  
  41  5:18  Marine  
  41  5:19  Barracks Reactor  
  44  5:21  SCV  
  44  5:22  SCV  
  45  5:33  SCV  
  45  5:34  SCV  
  47  5:36  Engineering Bay  
  47  5:37  Engineering Bay  
  47  5:43  Marine x2  
  47  5:48  Medivac  
  51  5:51  SCV x2  
  51  5:56  Supply Depot  
  53  5:58  Marine  
  54  6:07  Barracks  
  54  6:13  Barracks  
  54  6:17  Supply Depot, Marine  
  55  6:19  Terran Infantry Weapons Level 1  
  55  6:22  Terran Infantry Armor Level 1  
  55  6:25  SCV x2  
  57  6:31  Siege Tank  
  60  6:34  Starport Reactor  
  60  6:37  Marine x2  
  60  6:39  SCV  
  63  6:41  SCV  
  64  6:51  SCV  
  64  6:53  SCV  
  66  6:56  Barracks Tech Lab  
  66  7:01  Missile Turret  
  66  7:02  Barracks Tech Lab  
  66  7:03  SCV  
  66  7:05  SCV  
  68  7:09  Marine  
  68  7:10  Refinery, Marine  
  68  7:12  Supply Depot  
  68  7:13  Supply Depot  
  70  7:17  Marine, SCV  
  70  7:18  Marine  
  70  7:22  Combat Shields, Stimpack  
  73  7:25  SCV  
  73  7:27  Siege Tank  
  78  7:30  SCV  
  78  7:33  Medivac  
  78  7:35  Medivac  
  82  7:38  SCV  
  82  7:40  Refinery, Marine  
  84  7:54  Supply Depot, Marine x4  
  84  7:55  Barracks  
  88  8:02  SCV x2  
  88  8:04  Marine x2  
  92  8:12  Marine  
  93  8:18  Marine  
  93  8:19  Marine x2  
  96  8:25  Armory  
  96  8:28  SCV x2  
  98  8:36  Command Center, Medivac x2  
  94  8:56  Marine x3  
  94  8:57  Marine  
  94  8:58  Marauder x2  
  102  9:07  Supply Depot  
  102  9:15  Terran Ship Weapons Level 1  
  102  9:16  Supply Depot  
  102  9:20  Liberator  
  102  9:28  Marine x6  
  108  9:32  Supply Depot  
  108  9:37  Siege Tank  
  83  9:45  Liberator  
  111  9:55  Marine x5  
  111  9:57  Marauder  
  121  10:14  Liberator  
  121  10:20  Starport  
  121  10:21  Terran Infantry Weapons Level 2, Terran Infantry Armor Level 2  
  121  10:22  Supply Depot  
  121  10:23  Supply Depot, Starport  
  116  11:01  Liberator x2  
  116  11:04  Marine x5  
  116  11:05  Marauder  
  116  11:06  Barracks Reactor  
  116  11:10  Starport Tech Lab  
  123  11:16  Supply Depot, Starport Reactor  
  123  11:17  Supply Depot  
  123  11:18  Supply Depot  
  129  11:22  Marine x3  
  132  11:40  Liberator  
  132  11:41  Marine x3  
  132  11:42  Marauder, Marine  
  132  11:43  Marauder  
  132  11:44  Orbital Command  
  140  11:55  Marine x2  
  140  11:59  Marine, Raven  
  125  12:19  Liberator  
  125  12:20  Liberator  
  110  12:30  Liberator x2  
  110  12:31  Marine x6  
  110  12:32  Marauder x2  
  123  12:41  Siege Tank  
  129  12:48  Marine  
  129  12:49  Marine x5  
  141  12:54  Marauder  
  143  13:04  Liberator  
  143  13:05  Liberator  
  137  13:32  Marine  
  137  13:33  Marine  
  139  13:56  Marine x2  
  139  13:57  Marine x4  
  139  13:58  Marauder x2  
  149  14:14  Marine x4  
  149  14:15  Marine  
  154  14:19  Marauder  
  156  14:26  Marine  
  156  14:27  Marine  
  158  14:32  Marine x2  
  156  14:40  Marauder  
  156  14:45  Marauder  
  149  14:51  Marine x3  
  149  14:52  Marine x2  
  145  14:58  Marine  
  146  15:01  Marine  
  146  15:06  Marine  
  148  15:09  Marine x2  
  150  15:20  Marauder  
  152  15:22  Marine x3  
  152  15:23  Marine  
  152  15:24  Marine  
  152  15:25  Refinery x2  
  152  15:27  Marine  
Tags
 
Add a new tag
Caveats
  • Supply blocks, unpowered buildings, or Contaminate may cause inaccurate times.
  • Supply counts are checked every 10 seconds.